 Dungeon Crawl Stone Soup version 0.31-a0-4-gefa6de2278 (webtiles) character file.

Game seed: 3865298681492003793

67 Orangeyouglad the Poker (level 4, -5/37 HPs)
             Began as a Human Monk on May 4, 2023.
             Killed by divine providence
             ... invoked by an orc priest
              (14 damage)
             ... on level 3 of the Dungeon.
             The game lasted 00:03:32 (1807 turns).

Orangeyouglad the Poker (Human Monk)                Turns: 1807, Time: 00:03:33

Health: -5/37      AC:  6    Str: 13    XL:     4   Next: 40%
Magic:  4/4        EV: 13    Int: 11    God:
Gold:   117        SH:  0    Dex: 15    Spells: 3/3 levels left

rFire   . . .        a - +0 spear
rCold   . . .        d - orb {light}
rNeg    . . .        b - +0 robe
rPois   .            g - +2 helmet
rElec   .            (no cloak)
rCorr   .            e - +0 pair of gloves
SInv    .            (no boots)
Will    .....        (no amulet)
Stlth   +            l - ring of wizardry
HPRegen 0.26/turn    (no ring)
MPRegen 0.09/turn

%: wizardry (x1)
@: glowing
A: no striking features
a: no special abilities


You were on level 3 of the Dungeon.
You visited 1 branch of the dungeon, and saw 3 of its levels.

You collected 117 gold pieces.

Inventory:

Hand Weapons
 a - a +0 spear (weapon)
Armour
 b - a +0 robe (worn)
 d - an orb of light (worn)
 e - a +0 pair of gloves (worn)
 g - a +2 helmet (worn)
Jewellery
 l - a ring of wizardry (left hand)
 m - a +6 ring of strength
Scrolls
 f - 4 scrolls of identify {unknown}
Potions
 c - a potion of ambrosia
 h - a potion of cancellation {unknown}
 i - 2 potions of attraction {unknown}
 j - a potion of curing {unknown}
 k - a potion of haste {unknown}
 n - a potion of berserk rage {unknown}


   Skills:
 + Level 3.6 Fighting
 + Level 3.7 Polearms
 + Level 0.5 Armour
 + Level 3.6 Dodging


You had 3 spell levels left.
You didn't know any spells.
Your spell library was empty.

Dungeon Overview and Level Annotations

Branches:
Dungeon (3/15)

Altars:


Message History

You hit the kobold.
You kill the kobold!
An orc comes into view. It is wielding a +0 short sword.
The orc attacks as you move away! The orc hits you but does no damage.
The orc attacks as you move away! The orc hits you with a +0 whip.
The orc attacks as you move away! The orc barely misses you.
The orc attacks as you move away! The orc barely misses you.
The orc attacks as you move away! The orc barely misses you.
The orc attacks as you move away! The orc hits you but does no damage.
The orc attacks as you move away! The orc barely misses you.
The orc attacks as you move away! The orc misses you.
The orc attacks as you move away! The orc hits you with a +0 whip.
The orc attacks as you move away! The orc barely misses you.
The orc priest looks satisfied for a moment.
The orc priest casts a cantrip, but nothing happens.
The orc priest calls down the wrath of Beogh upon you.
Beogh smites you! The orc attacks as you move away!
The orc hits you but does no damage. The orc attacks as you move away!
The orc hits you with a +0 club. The orc misses you.
The orc priest calls down the wrath of Beogh upon you.
Beogh smites you!
* * * LOW HITPOINT WARNING * * *
The hobgoblin hits you.
* * * LOW HITPOINT WARNING * * *
The orc attacks as you move away! The orc barely misses you.
The orc attacks as you move away! The orc hits you but does no damage.
Okay, then.
Okay, then.
Okay, then.
Okay, then.
Okay, then.
The orc attacks as you move away! The orc closely misses you.
The orc attacks as you move away! The orc closely misses you.
The orc attacks as you move away! The orc barely misses you.
The orc barely misses you. The hobgoblin barely misses you.
The orc priest calls down the wrath of Beogh upon you.
Beogh smites you!
You die...

..........#### .............#
#########
.............###.......#
.............##........#
.......................#
.....#.................#
.....#...............###
.....##....##.o......#
.....##....##.g.@....#######
.............o....>........#
....###....o.............#)#
....###..o...........###.#)#
....#....oo......#.### #.#.#
....#.o..........#.## #.#.######
....................####.#.......
....................))...########
#..............)....######


You could see 2 orc priests, 4 orcs and a hobgoblin.

Vanquished Creatures
  An adder (D:2)
  A dart slug (D:3)
  5 orcs (D:3)
  4 ball pythons
  3 bats (D:1)
  6 endoplasms
  9 hobgoblins
  6 jackals
  2 quokkas
  A frilled lizard (D:3)
  3 kobolds (D:3)
  3 rats
44 creatures vanquished.

Vanquished Creatures (others)
  2 plants
2 creatures vanquished.

Grand Total: 46 creatures vanquished

Notes
Turn   | Place    | Note
-------+----------+-------------------------------------------
     0 | D:1      | Orangeyouglad the Human Monk began the quest for the Orb.
     0 | D:1      | Reached XP level 1. HP: 18/18 MP: 1/1
   222 | D:1      | Reached XP level 2. HP: 24/24 MP: 2/2
   421 | D:1      | Reached XP level 3. HP: 29/29 MP: 3/3
  1602 | D:3      | Reached XP level 4. HP: 36/36 MP: 4/4
  1807 | D:3      | Killed from afar by an orc priest

Illustrated notes

Levels and vault maps discovered:
D:1:      kennysheep_arrival_seaside, layout_basic
D:2:      layout_loops_ring, serial_forest, infiniplex_forest_straight_2,
          infiniplex_forest_zigzag_1, infiniplex_forest_clump_small,
          infiniplex_forest_clump_curved, infiniplex_forest_clump_diagonal,
          infiniplex_forest_clump_medium, infiniplex_forest_lined_4_way,
          infiniplex_forest_end_2, infiniplex_forest_clump_medium,
          infiniplex_forest_straight_3, minmay_misc_feat_five, solitary_fountain
D:3:      layout_basic, nicolae_overflow_hidden_temple,
          shapermc_ecumenical_altar_mp_highgroup

Action                     |  1- 3 |  4- 6 || total
---------------------------+-------+-------++-------
  Melee: Spear             |   103 |    42 ||   145
 Armour: Robe              |    25 |    14 ||    39
  Dodge: Dodged            |    57 |    32 ||    89

Table legend: (Time is in decaauts)
 A = Elapsed time spent in this place.
 B = Non-inter-level travel time spent in this place.
 C = Inter-level travel time spent in this place.
 D = Time resting spent in this place.
 E = Time spent auto-exploring this place.
 F = Levels seen in this place.
 G = Mean time per level.
                   A        B        C        D        E       F      G
               +--------+--------+--------+--------+--------+-----+--------+
         Total |   1799 |   1713 |     86 |     21 |   1113 |   3 |  599.7 |
       Dungeon |   1799 |   1713 |     86 |     21 |   1113 |   3 |  599.7 |
               +--------+--------+--------+--------+--------+-----+--------+

Top non-repeatable levels by time:
     D:2: 786 daAuts
     D:1: 711 daAuts
     D:3: 301 daAuts
